 Dungeon Crawl Stone Soup version 0.26-a0-611-g354ed81502 (webtiles) character file.

Game seed: 17483537942920462225

7564 MrRokkomies the Geomancer (level 11, -1/61 HPs)
             Began as an Octopode Earth Elementalist on Sept 5, 2020.
             Was an Initiate of Gozag.
             Slain by a crocodile (19 damage)
             ... on level 10 of the Dungeon.
             The game lasted 00:30:46 (13062 turns).

MrRokkomies the Geomancer (OpEE)                   Turns: 13062, Time: 00:30:47

Health: -1/61      AC:  1    Str:  8    XL:     11   Next: 17%
Magic:  5/15       EV: 25    Int: 21    God:    Gozag
Gold:   1430       SH:  5    Dex: 20    Spells: 1/16 levels left

rFire    . . .     SeeInvis .   a - +7 dagger of Itikko {elec, *Drain rC+ rN+ Dex+8}
rCold    + . .     Faith    .   (no shield)
rNeg     + . .     Spirit   .   n - +0 hat
rPois    .         Reflect  +   v - amulet of reflection
rElec    .         Harm     .   o - ring of wizardry
rCorr    +                      e - ring of protection from magic
MR       +....                  u - ring of stealth
Stlth    +++++++...             z - +4 ring of evasion
HPRegen  0.20/turn              C - ring of resist corrosion
MPRegen  0.14/turn              (no ring)
                                (no ring)
                                (no ring)

@: gold aura
A: almost no armour, stealthy swim, amphibious, 8 rings, constrict 8, camouflage
1, gelatinous body 1
a: Potion Petition, Call Merchant, Bribe Branch, Renounce Religion


You were on level 10 of the Dungeon.
You worshipped Gozag.
Gozag was most pleased with you.
You visited 2 branches of the dungeon, and saw 11 of its levels.
You also visited: Sewer.

You collected 5297 gold pieces.
You spent 1330 gold pieces at shops.
You paid 2537 gold pieces to Gozag.

Inventory:

Hand Weapons
 a - the +7 dagger of Itikko (weapon) {elec, *Drain rC+ rN+ Dex+8}
   (You bought it in a shop on level 5 of the Dungeon)

   Occasionally, upon striking a foe, it will discharge some electrical energy
   and cause terrible harm.
   It affects your dexterity (+8).
   It protects you from cold.
   It protects you from negative energy.
   It causes draining when unequipped.
Missiles
 b - 396 stones
 r - 41 poisoned darts (quivered)
Armour
 n - a +0 hat (worn)
Jewellery
 e - a ring of protection from magic (right tentacle)
 o - a ring of wizardry (left tentacle)
 u - a ring of stealth (on tentacle)
 v - an amulet of reflection (around mantle)
 x - an uncursed amulet of the acrobat {unknown}
 y - an uncursed amulet of the acrobat {unknown}
 z - a +4 ring of evasion (on tentacle)
 C - a ring of resist corrosion (on tentacle)
Wands
 s - a wand of digging (6)
Scrolls
 d - 12 scrolls of teleportation
 f - 2 scrolls of holy word
 g - a scroll of identify
 i - 5 scrolls of immolation
 j - 3 scrolls of magic mapping
 q - a scroll of fear
 w - a scroll of amnesia
Potions
 c - a potion of cancellation
 h - 4 potions of flight
 k - 8 potions of curing
 l - a potion of lignification
 m - 3 potions of might
 p - 3 potions of berserk rage
 t - a potion of brilliance
 A - a potion of resistance
 B - a potion of degeneration {unknown}


   Skills:
 + Level 4.9 Short Blades
 * Level 9.6 Dodging
 + Level 9.6 Stealth
 - Level 3.0 Spellcasting
 + Level 5.9 Transmutations
 * Level 10.0 Earth Magic


You had one spell level left.
You knew the following spells:

 Your Spells              Type           Power        Failure   Level
a - Sandblast             Erth           #####.       1%          1
b - Passwall              Tmut/Erth      #####...     1%          2
c - Petrify               Tmut/Erth      #####...     1%          4
d - Stone Arrow           Conj/Erth      ###...       1%          3
e - Lee's Rapid Deconstr  Erth           #####.....   2%          5

Your spell library contained the following spells:

 Spells                   Type           Power        Failure   Level
 Animate Skeleton         Necr           #.....       5%          1
 Apportation              Tloc           #.....       5%          1
 Corona                   Hex            #......      5%          1
 Summon Small Mammal      Summ           #...         5%          1


Dungeon Overview and Level Annotations

Branches:
Dungeon (10/15)            Temple (1/1) D:5           Sewer (visited)
   Lair: D:8-11         Orc: D:9-12

Altars:
Ashenzari
Cheibriados
Dithmenos
Elyvilon
Fedhas
Gozag
Hepliaklqana
Kikubaaqudgha
Makhleb
Nemelex Xobeh
Okawaru
Qazlal
Ru
Sif Muna
Trog
Uskayaw
Vehumet
Wu Jian
Xom
Yredelemnul
Zin
The Shining One

Shops:
D:5 (*?


Innate Abilities, Weirdness & Mutations

You cannot wear most types of armour.
You are very stealthy in the water. (Stealth+)
You are amphibious.
You can wear up to eight rings at the same time.
You can use your tentacles to constrict eight enemies at once.
Your skin changes colour to match your surroundings (Stealth+).
Your rubbery body absorbs attacks. (AC +1, EV +1)


Message History

You hit the orc warrior but do no damage.
Lightning courses through the orc warrior!
The orc warrior is heavily wounded.
You constrict the orc warrior. The orc warrior closely misses you.
You puncture the orc warrior!
Lightning courses through the orc warrior!!
You kill the orc warrior!
Your Earth Magic skill increases to level 10!
The crocodile misses you.
Items here: $ ( ) [.
You completely miss the crocodile. You block the crocodile's attack.
You hit the crocodile.
The crocodile is lightly wounded.
The crocodile bites you!
* * * LOW HITPOINT WARNING * * *
You hit the crocodile. Your squeeze misses the crocodile.
The crocodile is lightly wounded.
The crocodile bites you!!
You die...
Your body crumbles into a pile of gold.

.[$.............#
.Pt.............#
$..7............#
.$..............#
##..!...........+
................#
##.......$$.....#
########t#######
#.@.# #.###
#####.#######
#.........#.#
#.#######.#.#
#.).#...#...# #.#)#
#.###.# #.#.#
#...#.#######
#.#.###.#.#.<.....#


You could see a crocodile.

Vanquished Creatures
  2 two-headed ogres
  An unseen horror (D:9)
  A centaur zombie (D:10)
  A troll (D:9)
  A hippogriff (D:9)
  Sigmund (D:6)
  4 porcupines
  4 orc warriors
  Purgy (Sewer)
  3 black bears
  2 ice beasts
  3 phantoms
  4 ogres
  3 centaurs
  4 wolves (D:10)
  2 crocodiles (D:10)
  3 bullfrogs
  2 big kobolds
  A scorpion (D:10)
  6 wights
  13 killer bees
  A bullfrog skeleton (D:5)
  2 hounds
  2 jellies
  8 orc priests
  A centaur skeleton (D:5)
  5 orc wizards
  An iguana (D:10)
  7 worker ants
  A howler monkey zombie (D:5)
  Robin (D:4)
  A howler monkey skeleton (D:9)
  8 gnolls
  5 adders
  A river rat (D:3)
  A shadow imp (D:5)
  An ufetubus (D:5)
  An ooze (D:3)
  5 worms
  3 leopard geckos
  18 orcs
  4 ball pythons
  8 bats
  4 giant cockroaches
  14 goblins
  11 hobgoblins
  17 jackals
  3 quokkas
  9 frilled lizards
  16 kobolds
  A quokka skeleton (D:4)
  4 rats
226 creatures vanquished.

Vanquished Creatures (others)
  2 bushes (D:10)
  A fungus (D:10)
  13 plants (D:10)
16 creatures vanquished.

Grand Total: 242 creatures vanquished

Notes
Turn   | Place    | Note
-------+----------+-------------------------------------------
     0 | D:1      | MrRokkomies the Octopode Earth Elementalist began the quest
                  | for the Orb.
     0 | D:1      | Reached XP level 1. HP: 11/11 MP: 3/3
   291 | D:1      | Reached XP level 2. HP: 17/17 MP: 5/5
  1076 | D:2      | Found an ancient bone altar of Kikubaaqudgha.
  1184 | D:2      | Found a glowing silver altar of Zin.
  1390 | D:2      | Found a burning altar of Makhleb.
  1399 | D:2      | Reached XP level 3. HP: 9/21 MP: 6/6
  1672 | D:2      | Reached XP level 4. HP: 24/27 MP: 1/7
  1778 | D:2      | Learned a level 2 spell: Passwall
  1783 | D:2      | Learned a level 4 spell: Petrify
  2663 | D:2      | Reached skill level 4 in Earth Magic
  2665 | D:2      | Reached XP level 5. HP: 19/31 MP: 8/8
  3304 | D:3      | Reached XP level 6. HP: 6/36 MP: 4/10
  3553 | D:3      | Learned a level 3 spell: Stone Arrow
  3961 | D:4      | Found a glowing drain.
  4542 | Sewer    | Entered a sewer
  4667 | Sewer    | Noticed Purgy
  4691 | Sewer    | Killed Purgy
  4691 | Sewer    | Reached skill level 5 in Earth Magic
  4822 | D:4      | Reached XP level 7. HP: 41/41 MP: 11/11
  4959 | D:4      | Noticed Robin
  5161 | D:4      | Killed Robin
  5704 | D:5      | Entered Level 5 of the Dungeon
  5726 | D:5      | Reached skill level 5 in Stealth
  6315 | D:5      | Reached skill level 5 in Dodging
  6791 | D:5      | Reached skill level 6 in Earth Magic
  6791 | D:5      | Reached XP level 8. HP: 30/46 MP: 9/12
  7257 | D:5      | Found a staircase to the Ecumenical Temple.
  7275 | Temple   | Entered the Ecumenical Temple
  7489 | Temple   | Became a worshipper of Gozag Ym Sagoz the Greedy
  7543 | D:5      | Identified a scroll of acquirement
  7543 | D:5      | Acquired 3560 gold pieces
  7547 | D:5      | Bought the +7 dagger of Itikko {elec, *Drain rC+ rN+ Dex+8}
                  | for 1110 gold pieces
  7560 | D:5      | Bought a scroll of holy word for 97 gold pieces
  7560 | D:5      | Bought a scroll of teleportation for 39 gold pieces
  7560 | D:5      | Bought a scroll of fear for 45 gold pieces
  7560 | D:5      | Bought a scroll of teleportation for 39 gold pieces
  7775 | D:6      | Found a shattered altar of Ashenzari.
  7843 | D:6      | Acquired 490 gold pieces
  7848 | D:6      | Noticed Sigmund
  7856 | D:6      | Killed Sigmund
  8839 | D:6      | Reached skill level 1 in Short Blades
  8839 | D:6      | Reached skill level 7 in Earth Magic
  8995 | D:7      | Found a snail-covered altar of Cheibriados.
  9010 | D:7      | Reached XP level 9. HP: 21/51 MP: 5/13
  9268 | D:7      | Found a glowing silver altar of Zin.
  9440 | D:7      | Found an ornate altar of the Wu Jian Council.
  9441 | D:7      | Found a sparkling altar of Nemelex Xobeh.
  9441 | D:7      | Found a shimmering altar of Xom.
  9445 | D:7      | Found a glowing golden altar of the Shining One.
  9538 | D:7      | Found a shadowy altar of Dithmenos.
  9538 | D:7      | Found a bloodstained altar of Trog.
  9550 | D:7      | Found an iron altar of Okawaru.
 10122 | D:8      | Noticed a two-headed ogre
 10129 | D:8      | Killed a two-headed ogre
 10129 | D:8      | Reached skill level 8 in Earth Magic
 10150 | D:8      | Found a basalt altar of Yredelemnul.
 11219 | D:9      | Noticed a troll
 11224 | D:9      | Killed a troll
 11224 | D:9      | Reached XP level 10. HP: 56/56 MP: 14/14
 11231 | D:9      | Learned a level 5 spell: Lee's Rapid Deconstruction
 11940 | D:9      | Killed an unseen horror
 11940 | D:9      | Reached skill level 5 in Transmutations
 11940 | D:9      | Reached skill level 9 in Earth Magic
 12274 | D:9      | Found a shimmering blue altar of Sif Muna.
 12359 | D:9      | Found a white marble altar of Elyvilon.
 12398 | D:10     | Entered Level 10 of the Dungeon
 12444 | D:10     | Noticed a two-headed ogre
 12452 | D:10     | Killed a two-headed ogre
 12834 | D:10     | Reached XP level 11. HP: 59/61 MP: 15/15
 13058 | D:10     | Reached skill level 10 in Earth Magic
 13062 | D:10     | Slain by a crocodile

Illustrated notes

Levels and vault maps discovered:
D:1:      minmay_arrival_cross, layout_loops_corners, minmay_misc_feat_tower
D:2:      layout_rooms, old_standard_altar, lemuel_coloured_pillars_altar,
          makhleb_blood_cavern_becter
D:3:      layout_basic, serial_corexii_hall, corexii_hall_statues_i,
          chequers_hall_statues_y, eino_curves_03
D:4:      layout_cave_pools, cheibrodos_sewer_entry_sluice,
          minmay_goblin_kobold_house, uniq_robin
D:5:      layout_basic, minmay_temple_entry_mist, minivault_23
D:6:      layout_basic, chequers_hall_statues_wall_a, minmay_curled_crystal,
          minmay_misc_feat_ornament, cheibrodos_ashenzari_chains, uniq_sigmund
D:7:      layout_loops_ring, grunt_temple_overflow_open, lemuel_crystal_altar,
          lemuel_tele_altar
D:8:      layout_layer_cave, basic_altar, serial_glass, glass_columns_c,
          glass_columns_c
D:9:      layout_loops_ring, kennysheep_mini, basic_altar
D:10:     layout_roguey, minmay_lair_entry_grove, david_orc_4
Temple:   jpeg_temple_alley_garden

Skill      XL: |  1  2  3  4  5  6  7  8  9 10 11 |
---------------+----------------------------------+-----
Stealth        | 3 4 5 6 8 9 |  9.6
Dodging        | 3 4 5 6 8 9 |  9.6
Earth Magic    | 4 5 6 7 8 9 10 | 10.0
Spellcasting   | 3 |  3.0
Transmutations | 2 3 4 5 |  5.9
Short Blades   | 1 3 4 |  4.9

Action                   |  1- 3 |  4- 6 |  7- 9 | 10-12 || total
-------------------------+-------+-------+-------+-------++-------
Melee: Dagger            |    47 |    23 |   100 |   133 ||   303
       Unarmed           |     2 |       |       |       ||     2
       Constrict         |    14 |    23 |    44 |    21 ||   102
       Tentacles         |     7 |    14 |    34 |    30 ||    85
       Hand axe          |       |    59 |       |       ||    59
       Short sword       |       |    21 |    95 |       ||   116
 Cast: Sandblast         |     4 |    24 |    40 |     6 ||    74
       Petrify           |       |       |     3 |     5 ||     8
       Lee's Rapid Decon |       |       |       |    12 ||    12
       Stone Arrow       |       |       |       |     2 ||     2
Invok: Call Merchant     |       |       |     3 |       ||     3
  Use: Scroll            |       |    11 |    11 |       ||    22
       Potion            |       |     4 |     2 |     2 ||     8
 Stab: Sleeping          |    13 |     7 |    13 |     8 ||    41
       Petrified         |       |       |     2 |     3 ||     5
       Petrifying        |       |       |       |     1 ||     1
Armor: Skin              |     2 |    54 |     7 |     1 ||    64
Dodge: Dodged            |    32 |   110 |   167 |    86 ||   395
Block: Other             |       |       |    10 |    20 ||    30

Table legend: (Time is in decaauts)
 A = Elapsed time spent in this place.
 B = Non-inter-level travel time spent in this place.
 C = Inter-level travel time spent in this place.
 D = Time resting spent in this place.
 E = Time spent auto-exploring this place.
 F = Levels seen in this place.
 G = Mean time per level.
                   A        B        C        D        E       F      G
               +--------+--------+--------+--------+--------+-----+--------+
         Total |  13057 |  12661 |    396 |   2671 |   8298 |  12 | 1088.1 |
       Dungeon |  12584 |  12270 |    314 |   2584 |   8058 |  10 | 1258.4 |
        Temple |    247 |    165 |     82 |      0 |    164 |   1 |  247.0 |
         Sewer |    225 |    225 |      0 |     87 |     76 |   1 |  225.0 |
               +--------+--------+--------+--------+--------+-----+--------+

Top non-repeatable levels by time:
     D:3: 2326 daAuts
     D:5: 1636 daAuts
     D:6: 1393 daAuts
     D:9: 1324 daAuts
     D:2: 1217 daAuts
     D:7: 1138 daAuts
     D:8: 1092 daAuts
     D:4: 1003 daAuts
     D:1: 959 daAuts
    D:10: 492 daAuts
  Temple: 247 daAuts
   Sewer: 225 daAuts
